 Dungeon Crawl Stone Soup version 0.30-a0-141-g30f27751c5 (webtiles) character file.

Game seed: 13467969394571472281

219 qw the Chopper (level 5, -4/33 HPs)
             Began as a Gargoyle Fighter on Sept 25, 2022.
             Slain by a gnoll
             ... wielding a +0 spear
              (6 damage)
             ... on level 3 of the Dungeon.
             The game lasted 00:01:11 (3503 turns).

qw the Chopper (Gargoyle Fighter)                   Turns: 3503, Time: 00:01:11

Health: -4/33      AC: 10    Str: 21    XL:     5   Next: 96%
Magic:  5/5        EV:  9    Int:  9    God:
Gold:   98         SH:  4    Dex:  9    Spells: 4/4 levels left

rFire   . . .      SeeInvis .    Y - +1 war axe
rCold   . . .      Faith    .    c - +0 buckler
rNeg    + . .      Spirit   .    b - +0 scale mail
rPois   inf        Reflect  .    (no helmet)
rElec   +          Harm     .    (no cloak)
rCorr   .          Rampage  .    (no gloves)
Will    .....                    (no boots)
Stlth   ..........               (no amulet)
HPRegen 0.11/turn                (no ring)
MPRegen 0.09/turn                (no ring)

@: weakened
A: sickness immunity, AC +4, negative energy resistance 1, electricity
resistance, torment resistance 1, petrification resistance
a: no special abilities


You were on level 3 of the Dungeon.
You visited 1 branch of the dungeon, and saw 3 of its levels.

You collected 98 gold pieces.


Innate Abilities, Weirdness & Mutations

You are immune to sickness and miasma.
Your stone body is resilient. (AC +4)
You are immune to poison.
You resist negative energy. (rN+)
You are resistant to electric shocks. (rElec)
You are resistant to unholy torment.
You are immune to petrification.


   Skills:
 - Level 4.0 Fighting
 - Level 5.0 Axes
 - Level 3.2 Armour
 + Level 0.6 Dodging
 - Level 3.2 Shields


You had 4 spell levels left.
You didn't know any spells.
Your spell library was empty.

Inventory:

Hand Weapons
 e - a +0 whip
 Y - a +1 war axe (weapon)
Armour
 b - a +0 scale mail (worn)
 c - a +0 buckler (worn)
 i - a +0 cloak
Scrolls
 f - 6 scrolls of identify
 h - a scroll of enchant armour {unknown}
Potions
 a - a potion of brilliance {unknown}
 d - a potion of might

Dungeon Overview and Level Annotations

Branches:
Dungeon (3/15)

Altars:
Sif Muna

Shops:
D:3 :*=


Message History

The gnoll is almost dead.
You hit the orc. x2
The gnoll sergeant hits you but does no damage.
The gnoll closely misses you. The orc closely misses you.
The orc hits you but does no damage.
You hit the orc but do no damage.
The orc is severely wounded.
You hit the gnoll bouda but do no damage.
You closely miss the orc.
The gnoll sergeant hits you from afar with a +1 vampiric spear.
The gnoll hits you but does no damage. The orc closely misses you.
You block the orc's attack.
You hit the orc.
You kill the orc!
You closely miss the gnoll bouda. You barely miss the orc.
Your attacks no longer feel as feeble.
The gnoll sergeant closely misses you. The gnoll barely misses you.
The gnoll bouda hits you but does no damage.
The orc hits you but does no damage. The gnoll sergeant barely misses you.
The gnoll hits you from afar with a +0 spear.
The orc hits you but does no damage.
The gnoll bouda hits you with a +0 whip.
You slash the gnoll!
You kill the gnoll!
You hit the orc. You hit the gnoll bouda.
The gnoll sergeant hits you but does no damage.
The gnoll hits you from afar with a +0 spear.
The gnoll bouda gazes fiercely through you!
You feel your attacks grow feeble. You block the gnoll bouda's attack.
You block the orc's attack.
You slash the orc!
You kill the orc!
You barely miss the gnoll bouda.
The gnoll sergeant hits you but does no damage.
You block the gnoll's attack. The gnoll bouda barely misses you.
The gnoll sergeant hits you from afar with a +1 vampiric spear!
You hit the gnoll bouda but do no damage.
The gnoll bouda is lightly wounded.
The gnoll hits you from afar with a +0 spear.
You die...

###..#.######.####.##########.###
............................)%...
~~~~~~~~~~~~~~~~....~~~~~~~~~~~~~
~~~~~~~~~~~~~~~~....~~~~~~~~~~~~~
####~~~~~~~~~~~~....~~~~~~~~~~~~#
oo.#............................#
...#############''''#############
##+# #######.)..# .# +.?...'@g..+
.# #######.)..# .# ##gg## .#


oggg .# og... .# ....... .# ....... ++##### You could see a gnoll sergeant
(swift), a gnoll bouda, 5 gnolls and 2 orcs.

Vanquished Creatures
  3 orc wizards
  5 gnolls (D:3)
  An adder (D:3)
  A dart slug (D:3)
  8 orcs
  9 endoplasms
  5 goblins
  5 hobgoblins
  8 jackals
  2 quokkas
  9 bats
  6 frilled lizards
  5 kobolds
  5 rats
72 creatures vanquished.

Vanquished Creatures (others)
  An orc wizard (D:3)
  2 plants (D:3)
3 creatures vanquished.

Grand Total: 75 creatures vanquished

Notes
Turn   | Place    | Note
-------+----------+-------------------------------------------
     0 | D:1      | qw the Gargoyle Fighter began the quest for the Orb.
     0 | D:1      | Reached XP level 1. HP: 14/14 MP: 1/1
     0 | D:1      | 0 ||| qw: Version: 0.2-a-10-g399e6c4
     0 | D:1      | 0 ||| qw: Game counter: 262
     0 | D:1      | 0 ||| qw: Always use a shield: true
     0 | D:1      | 0 ||| qw: God list: Okawaru
     0 | D:1      | 0 ||| qw: Allow faded altars: false
     0 | D:1      | 0 ||| qw: Do Orc after D:15 true
     0 | D:1      | 0 ||| qw: Do second Lair branch before Depths: true
     0 | D:1      | 0 ||| qw: Lair rune preference: random
     0 | D:1      | 0 ||| qw: Plans: Normal, Zot:1-4, God:TSO, Crypt, Tomb,
                  | Pan, Slime:5, Hells, Abyss, Orb
     0 | D:1      | 0 ||| PLANNING D:1-11
    55 | D:1      | Reached skill level 2 in Axes
   310 | D:1      | 310 ||| Stepping ~*~*~tactically~*~*~ (stealth).
   311 | D:1      | 311 ||| Stepping ~*~*~tactically~*~*~ (stealth).
   312 | D:1      | 312 ||| Stepping ~*~*~tactically~*~*~ (stealth).
   315 | D:1      | Reached XP level 2. HP: 18/19 MP: 2/2
   505 | D:1      | 505 ||| Stepping ~*~*~tactically~*~*~ (stealth).
   506 | D:1      | 506 ||| Stepping ~*~*~tactically~*~*~ (stealth).
   519 | D:1      | 519 ||| Stepping ~*~*~tactically~*~*~ (stealth).
   631 | D:1      | Reached skill level 3 in Axes
   712 | D:1      | Reached XP level 3. HP: 23/23 MP: 3/3
   933 | D:1      | 933 ||| DROPPING scarf of harm.
   934 | D:1      | 934 ||| READING 3 scrolls labelled QOFOST YSHI.
   935 | D:1      | 935 ||| READING 2 scrolls labelled HOGOASTR UVVAOFELE.
   936 | D:1      | 936 ||| READING scroll labelled EZEGAS HUFO.
   937 | D:1      | 937 ||| READING scroll labelled SALOFE ERREF.
   938 | D:1      | 938 ||| READING scroll labelled UBBYLOBAUT.
   939 | D:1      | 939 ||| READING scroll labelled HIAPITHR QIFRA.
   940 | D:1      | 940 ||| READING 2 scrolls labelled WOOHIAQ MIBEXO.
   941 | D:1      | 941 ||| DROPPING 2 scrolls of summoning.
   942 | D:1      | 942 ||| DROPPING scroll of magic mapping.
  1015 | D:2      | 1015 ||| Stepping ~*~*~tactically~*~*~ (stealth).
  1016 | D:2      | 1016 ||| Stepping ~*~*~tactically~*~*~ (stealth).
  1053 | D:2      | Found a shimmering blue altar of Sif Muna.
  1430 | D:2      | Found a faded altar of an unknown god.
  1543 | D:2      | 1543 ||| Stepping ~*~*~tactically~*~*~ (stealth).
  2006 | D:2      | 2006 ||| READING scroll labelled YTUTIE PUES.
  2007 | D:2      | 2007 ||| READING scroll labelled EQEEDW CUWK.
  2008 | D:2      | 2008 ||| READING 5 scrolls of identify.
  2008 | D:2      | 2008 ||| IDENTIFYING metallic sapphire potion
  2018 | D:3      | 2018 ||| STAIRDANCE
  2024 | D:2      | 2024 ||| DRINKING potion of curing.
  2024 | D:2      | 2024 ||| (to cure confusion)
  2046 | D:2      | Reached skill level 4 in Axes
  2046 | D:2      | Reached XP level 4. HP: 10/28 MP: 4/4
  2269 | D:3      | Found Ibrue's Jewellery Emporium.
  2274 | D:3      | 2274 ||| SHOPLISTING +6 ring of strength (360 gold, have
                  | 98).
  2274 | D:3      | 2274 ||| SHOPLISTING amulet of reflection (300 gold, have
                  | 98).
  2274 | D:3      | 2274 ||| SHOPLISTING ring of fire (250 gold, have 98).
  2274 | D:3      | 2274 ||| SHOPLISTING ring of protection from cold (250
                  | gold, have 98).
  2274 | D:3      | 2274 ||| SHOPLISTING ring of resist corrosion (200 gold,
                  | have 98).
  2376 | D:3      | 2376 ||| DROPPING +0 club.
  2416 | D:3      | 2416 ||| Stepping ~*~*~tactically~*~*~ (hiding).
  2546 | D:3      | 2546 ||| DRINKING potion of curing.
  2546 | D:3      | 2546 ||| (to cure confusion)
  2550 | D:3      | Reached XP level 5. HP: 17/32 MP: 5/5
  2556 | D:3      | 2556 ||| FLEEEEING.
  2557 | D:3      | 2557 ||| FLEEEEING.
  2558 | D:3      | 2558 ||| FLEEEEING.
  2559 | D:3      | 2559 ||| FLEEEEING.
  2560 | D:3      | 2560 ||| FLEEEEING.
  2561 | D:3      | 2561 ||| FLEEEEING.
  2562 | D:3      | 2562 ||| FLEEEEING.
  2567 | D:3      | 2567 ||| FLEEEEING.
  2568 | D:3      | 2568 ||| FLEEEEING.
  2569 | D:3      | 2569 ||| FLEEEEING.
  2570 | D:3      | 2570 ||| FLEEEEING.
  2571 | D:3      | 2571 ||| FLEEEEING.
  2572 | D:3      | 2572 ||| FLEEEEING.
  2573 | D:3      | 2573 ||| FLEEEEING.
  2579 | D:3      | HP: 8/32 [orc wizard/+0 dagger (3)]
  2861 | D:3      | 2861 ||| Stepping ~*~*~tactically~*~*~ (hiding).
  2875 | D:3      | Reached skill level 5 in Axes
  3077 | D:3      | Found Sovvaasod's General Store.
  3082 | D:3      | 3082 ||| SHOPLISTING potion of resistance (140 gold, have
                  | 98).
  3110 | D:3      | 3110 ||| Stepping ~*~*~tactically~*~*~ (stealth).
  3111 | D:3      | 3111 ||| Stepping ~*~*~tactically~*~*~ (stealth).
  3115 | D:3      | 3115 ||| Stepping ~*~*~tactically~*~*~ (stealth).
  3124 | D:3      | HP: 8/33 [gnoll/+0 halberd (11)]
  3128 | D:3      | HP: 3/33 [gnoll/+0 halberd (4)]
  3395 | D:3      | Found Cionill's Book Shop.
  3502 | D:3      | HP: 2/33 [gnoll sergeant/+1 vampiric spear (8)]
  3503 | D:3      | Slain by a gnoll

Levels and vault maps discovered:
D:1:      minmay_arrival_radiant_lines, layout_basic
D:2:      layout_loops_ring, hellmonk_ecumenical_altar_leap_of_faith,
          basic_altar
D:3:      lemuel_castle_with_subvaults [lemuel_castle_interior_original],
          layout_loops_ring, old_standard_altar, serial_shops, shop_fountains,
          nicolae_shop_crystal, nicolae_shop_stone, nicolae_square_shop,
          serial_bayou_pond_e

Skill      XL: |  1  2  3  4  5 |
---------------+----------------+-----
Axes           | 2 3 4 5 |  5.0
Fighting       | 4 |  4.0
Armour         | |  3.2
Dodging        | |  0.6
Shields        | |  3.2

Action                   |  1- 3 |  4- 6 || total
-------------------------+-------+-------++-------
Melee: War axe           |   135 |    84 ||   219
  Use: Scroll            |    10 |       ||    10
       Potion            |     1 |     1 ||     2
Armor: Scale mail        |    71 |    54 ||   125
Dodge: Dodged            |    50 |    37 ||    87
Block: Buckler           |    16 |    19 ||    35

Table legend:
 A = Non-vault XP
 B = Vault XP
 C = Vault XP percentage of total XP
 D = Non-vault monster count
 E = Vault monster count
 F = Vault count percentage of total count
                 A         B        C        D         E       F
            +---------+---------+-------+---------+---------+-------
      Total |     267 |      47 |  15.0 |      64 |       9 |  12.3
            +---------+---------+-------+---------+---------+-------
        D:1 |      40 |       0 |   0.0 |      25 |       0 |   0.0
        D:2 |      67 |       0 |   0.0 |      20 |       0 |   0.0
        D:3 |     160 |      47 |  22.7 |      19 |       9 |  32.1
            +---------+---------+-------+---------+---------+-------
